 Crawl Stoat Soup version 0.23-ish-327-95-g181beea39d (console) character file.

41 hilarita the Shield-Bearer (level 3, 0/29 HPs)
             Began as a Human Fighter on Apr 14, 2024.
             Killed from afar by a white imp (11 damage)
             ... with a puff of frost
             ... summoned by Natasha
             ... on level 2 of the Dungeon.
             The game lasted 00:02:14 (905 turns).

hilarita the Shield-Bearer (Human Fighter)           Turns: 905, Time: 00:02:15

Health: 0/29       AC:  8    Str: 17    XL:     3   Next: 75%
Magic:  3/3        EV:  7    Int:  8    God:
Gold:   55         SH:  9    Dex: 12    Spells: 2/2 levels left

rFire    . . .     SeeInvis .   a - +0 war axe
rCold    . . .     Gourm    .   c - +0 kite shield
rNeg     . . .     Faith    .   b - +0 scale mail
rPois    .         Spirit   .   j - +0 helmet
rElec    .         Warding  .   (no cloak)
rCorr    .         Reflect  .   (no gloves)
MR       +....     Harm     .   (no boots)
Stlth    ..........             (no amulet)
HPRegen  0.09/turn              m - ring of protection from magic
MPRegen  0.08/turn              (no ring)

@: no status effects
A: no striking features
a: no special abilities


You were on level 2 of the Dungeon.
You were not hungry.

You visited 1 branch of the dungeon, and saw 2 of its levels.

You collected 55 gold pieces.

Inventory:

Hand Weapons
 a - a +0 war axe (weapon)
Armour
 b - a +0 scale mail (worn)
 c - a +0 kite shield (worn)
 j - a +0 helmet (worn)
Jewellery
 m - a ring of protection from magic (left hand)
Potions
 d - 2 potions of might
 g - a potion of magic
 h - a potion of ambrosia {unknown}
 k - 2 potions of curing {unknown}
Comestibles
 f - a bread ration
 i - a meat ration


   Skills:
 + Level 3.3 Fighting
 * Level 2.8 Axes
 + Level 3.3 Armour
 + Level 3.3 Shields


You had 2 spell levels left.
You didn't know any spells.
Your spell library was empty.

Dungeon Overview and Level Annotations

Branches:
Dungeon (2/15)

Altars:

Annotations:
D:2 Natasha


Message History

Press: ? - help, Shift-Dir - straight line, f/p - Natasha
Aim: Natasha (moderately wounded)
You throw a javelin. The javelin barely misses Natasha.
Natasha stares at you and mumbles some strange words.
The magic dart hits you!
You hit Natasha.
Natasha is moderately wounded.
You hit the white imp. The white imp closely misses you. Natasha claws you!
The white imp hits you but does no damage.
You hit Natasha.
Natasha is severely wounded.
You barely miss the white imp. Natasha barely misses you.
The white imp gestures at you. You block the puff of frost.
You block Natasha's attack.
You closely miss Natasha.
Natasha is severely wounded.
You closely miss the white imp. The white imp gestures at you.
The puff of frost hits you!
You die...

... ##.. #.#
(..####.# #.... (.#
#...# #.# #...#
#(####
#####...###(.[.##
#......<...h5...#
#####.......@...#
#[..##.)#(..# #
...........#.).#.#.#
....................
<.......##..#).##....
.........#..#..# ...
................. ..
......#.#.....##.. .
#.#...... ... #
#..##.#. ## ... .#.


You could see Natasha and a white imp.

Vanquished Creatures
  Natasha (D:2)
  3 goblins
  2 hobgoblins (D:1)
  2 jackals (D:1)
  5 kobolds
  A frilled lizard (D:2)
  2 rats (D:1)
16 creatures vanquished.

Notes
Turn   | Place    | Note
-------+----------+-------------------------------------------
     0 | D:1      | hilarita the Human Fighter began the quest for the Orb.
     0 | D:1      | Reached XP level 1. HP: 18/18 MP: 1/1
   386 | D:1      | Reached XP level 2. HP: 22/24 MP: 2/2
   728 | D:2      | Noticed Natasha
   737 | D:2      | Killed Natasha
   737 | D:2      | Reached XP level 3. HP: 8/29 MP: 3/3
   898 | D:2      | Noticed Natasha
   905 | D:2      | Killed from afar by a white imp

Vault maps used:
D:1:      eino_arrival_water_star
D:2:      grunt_gozag_breadcrumbs, lemuel_round_altar, minmay_circle_x,
          uniq_natasha

Action                   || total
-------------------------++-------
Melee: War axe           ||    33
Throw: Javelin           ||     2
  Use: Scroll            ||     4
Armor: Scale mail        ||    15
Dodge: Dodged            ||    14
Block: Kite shield       ||    17

Table legend:
 A = Spawn XP
 B = Non-spawn XP
 C = Spawn XP percentage of total XP
 D = Spawn monster count
 E = Non-spawn monster count
 F = Spawn count percentage of total count
 G = Total turns spent on level
                    A         B        C        D         E        F      G
               +---------+---------+-------+---------+---------+-------+---------
         Total |       1 |      58 |   1.7 |       1 |      15 |   6.2 |   905
               +---------+---------+-------+---------+---------+-------+---------
           D:1 |       1 |      14 |   6.7 |       1 |       8 |  11.1 |   723
           D:2 |       0 |      44 |   0.0 |       0 |       7 |   0.0 |   182
               +---------+---------+-------+---------+---------+-------+---------
